 Dungeon Crawl Stone Soup version 0.31-a0-1074-g0b22e4e0f1 (webtiles) character file.

Game seed: 9390379611643065338

501 grandjackal the Ducker (level 7, -4/52 HPs)
             Began as a Djinni Gladiator on Nov 28, 2023.
             Was an Initiate of Gozag.
             Splashed by a jelly's acid (7 damage)
             ... on level 5 of the Dungeon.
             The game lasted 00:04:42 (3876 turns).

grandjackal the Ducker (Djinni Gladiator)           Turns: 3876, Time: 00:04:42

Health: -4/52      AC:  4    Str: 13    XL:     7   Next: 40%
Gold:   662        EV: 12    Int: 12    God:    Gozag SH:  0 Dex: 14

rFire   + + +        C - +2 spear (freeze)
rCold   x . .        (no shield)
rNeg    . . .        D - +2 ring mail {rF+}
rPois   ∞            c - +0 helmet
rElec   .            (no cloak)
rCorr   .            (no gloves)
SInv    .            (boots unavailable)
Will    .....        (no amulet)
Stlth   +            s - ring of wizardry
HPRegen 0.28/turn    (no ring)
MPRegen 0.00/turn

%: wizardry (x1), infuse magic (-5 HP)
@: corroded, flying, very slightly contaminated
A: sickness immunity, fire resistance 2, cold vulnerability 1, float, innate
caster, HP casting, extra vitality 1
a: Renounce Religion, Potion Petition, Call Merchant, Bribe Branch


You were on level 5 of the Dungeon.
You worshipped Gozag.
Gozag was pleased with you.
You visited 1 branch of the dungeon, and saw 5 of its levels.

You collected 694 gold pieces.
You paid 32 gold pieces to Gozag.

Inventory:

Hand Weapons
 a - a +0 quarterstaff
 m - a +2 dagger of venom
 C - a +2 spear of freezing (weapon)
Missiles
 b - 6 poisoned darts (quivered)
 d - 3 throwing nets
 e - a javelin
 t - 4 datura-tipped darts
 y - a curare-tipped dart
Armour
 c - a +0 helmet (worn)
 D - a +2 ring mail of fire resistance (worn)
Jewellery
 s - a ring of wizardry (left hand)
Wands
 z - a wand of flame (22)
Scrolls
 g - a scroll of poison {unknown}
 j - a scroll of silence {unknown}
 k - 4 scrolls of identify {unknown}
 l - 5 scrolls of immolation
 n - a scroll of fog {unknown}
 q - 3 scrolls of enchant weapon {unknown}
 r - a scroll of fear {unknown}
 v - 3 scrolls of amnesia {unknown}
 w - 3 scrolls of blinking {unknown}
 x - 3 scrolls of enchant armour {unknown}
Potions
 h - 4 potions of heal wounds {unknown}
 i - a potion of invisibility {unknown}
 o - a potion of resistance {unknown}
 p - a potion of might {unknown}
 u - a potion of berserk rage {unknown}
 A - a potion of haste {unknown}
 B - a potion of curing {unknown}


   Skills:
 + Level 4.0 Fighting
 + Level 4.2 Staves
 - Level 1.5 Throwing
 + Level 5.1 Dodging
 + Level 2.4 Spellcasting
 + Level 2.4 Conjurations
 + Level 2.4 Hexes
   Level 0.0 Charms
 + Level 2.4 Summonings
 + Level 2.4 Necromancy
 + Level 2.4 Translocations
 + Level 2.4 Transmutations
 + Level 2.4 Fire Magic
 + Level 2.4 Ice Magic
 + Level 2.4 Air Magic
 + Level 2.4 Earth Magic
 + Level 2.4 Poison Magic


You knew the following spells:

 Your Spells              Type           Power      Damage    Failure   Level
a - Summon Small Mammal   Summ           28%        N/A       9%          1
b - Scorch                Fire           14%        2d5       13%         2
c - Frozen Ramparts       Ice            14%        1d3       26%         3
Your spell library was empty.

Dungeon Overview and Level Annotations

Branches:
Dungeon (5/15)             Temple (0/1) D:4

Altars:
Dithmenos
Fedhas
Gozag
Hepliaklqana
Okawaru
Qazlal


Innate Abilities, Weirdness & Mutations

You are immune to sickness and miasma.
You are immune to poison.
Your flesh is very heat resistant. (rF++)
You are vulnerable to cold. (rC-)
You float through the air rather than walking.
You learn spells naturally, not from books.
Your magical power is your life essence.
You have superior vitality. (+4 MHP)


Message History

You kill the hound!
No target in view!
You now have 616 gold pieces (gained 5).
You now have 628 gold pieces (gained 12).
You now have 643 gold pieces (gained 15).
You now have 662 gold pieces (gained 19).
A jelly comes into view.
The jelly quivers.
A jelly is nearby!
Found 10 gold pieces.
You hit the jelly. You freeze the jelly. The acid corrodes you!
Your hands burn!
The jelly is moderately wounded.
The jelly closely misses you.
You hit the jelly. You freeze the jelly.
Your hands burn!
The jelly is severely wounded.
The jelly hits you.
You are splashed with acid!
You hit the jelly but do no damage.
Your hands burn!
The jelly is severely wounded.
The jelly closely misses you.
You hit the jelly but do no damage.
Your hands burn!
The jelly is severely wounded.
The jelly hits you.
You are splashed with acid!
* * * LOW HITPOINT WARNING * * *
Casting: Scorch (safe; 13% risk of failure)
Confirm with . or Enter, or press ? or * to list all spells.
You miscast Scorch.
You are very lightly contaminated with residual magic.
Nothing appears to happen.
* * * LOW HITPOINT WARNING * * *
The jelly hits you.
* * * LOW HITPOINT WARNING * * *
You are splashed with acid!
* * * LOW HITPOINT WARNING * * *
Unknown command.
The jelly attacks as it pursues you! The jelly hits you.
* * * LOW HITPOINT WARNING * * *
You are splashed with acid!
You die...
Your body crumbles into a pile of gold.

#..#....#....#..# .#
#...#..#......#.# #.#
##...##...##...##$..#
##...########### ..#
#...#..######## ..### #
#..#..........##.... .#
#.#.....#####.#..### .. ##.....##
##.J....# .. #.....# #.@####.# ..
.. ##...### ##.## ...#
#.....###..# #### ...[.
#.###.....######..# #.
#.###....#........# #
##.##..##.#.######.# ## .
#..#..###...## #.# #####.
....#.#.......#..# #.#####..)).
........########.#####.......####


You could see a jelly.

Vanquished Creatures
  Sigmund (D:4)
  A kobold brigand (D:4)
  A jelly (D:4)
  A hound (D:5)
  An orc wizard (D:3)
  3 gnolls (D:5)
  8 adders
  2 worms
  6 dart slugs
  6 orcs
  6 endoplasms
  5 giant cockroaches
  3 goblins
  5 hobgoblins
  4 jackals (D:1)
  3 quokkas
  4 ball pythons
  5 bats
  2 frilled lizards
  11 kobolds
  6 rats
84 creatures vanquished.

Notes
Turn   | Place    | Note
-------+----------+-------------------------------------------
     0 | D:1      | grandjackal the Djinni Gladiator began the quest for the
                  | Orb.
     0 | D:1      | Reached XP level 1. HP: 18/18 MP: 0/0
   118 | D:1      | Reached XP level 2. HP: 22/23 MP: 0/0
   251 | D:1      | Reached XP level 3. HP: 24/28 MP: 0/0
   251 | D:1      | Learned a level 1 spell: Summon Small Mammal
   644 | D:1      | Found a faded altar of an unknown god.
   833 | D:2      | Reached skill level 1 in Spellcasting
   833 | D:2      | Reached skill level 1 in Conjurations
   833 | D:2      | Reached skill level 1 in Hexes
   833 | D:2      | Reached skill level 1 in Summonings
   833 | D:2      | Reached skill level 1 in Necromancy
   833 | D:2      | Reached skill level 1 in Translocations
   833 | D:2      | Reached skill level 1 in Transmutations
   833 | D:2      | Reached skill level 1 in Fire Magic
   833 | D:2      | Reached skill level 1 in Ice Magic
   833 | D:2      | Reached skill level 1 in Air Magic
   833 | D:2      | Reached skill level 1 in Earth Magic
   833 | D:2      | Reached skill level 1 in Poison Magic
   837 | D:2      | Reached XP level 4. HP: 28/34 MP: 0/0
   935 | D:2      | Found an opulent altar of Gozag.
   959 | D:2      | Became a worshipper of Gozag Ym Sagoz the Greedy
  1008 | D:2      | Reached skill level 4 in Dodging
  1652 | D:3      | Found an iron altar of Okawaru.
  1744 | D:3      | Reached XP level 5. HP: 40/40 MP: 0/0
  1744 | D:3      | Learned a level 2 spell: Scorch
  2006 | D:3      | Found a stormy altar of Qazlal.
  2601 | D:4      | Found a hazy altar of Hepliaklqana.
  2702 | D:4      | Found a staircase to the Ecumenical Temple.
  2713 | D:4      | Reached XP level 6. HP: 42/46 MP: 0/0
  2897 | D:4      | Found a shadowy altar of Dithmenos.
  2972 | D:4      | Noticed Sigmund
  3094 | D:4      | Killed Sigmund
  3095 | D:4      | Reached XP level 7. HP: 24/51 MP: 0/0
  3095 | D:4      | Learned a level 3 spell: Frozen Ramparts
  3301 | D:5      | Entered Level 5 of the Dungeon
  3328 | D:5      | Reached skill level 5 in Dodging
  3594 | D:5      | Found a blossoming altar of Fedhas.
  3876 | D:5      | Splashed by a jelly's acid

Illustrated notes

Levels and vault maps discovered:
D:1:      lightli_arrival_statue_moat, layout_rooms,
          chequers_ecumenical_altar_island, kennysheep_crisscross, minivault_27,
          serial_bayou_crossing
D:2:      layout_basic, basic_altar, kennysheep_generic_room_9
D:3:      layout_basic, nicolae_qazlal_eye_of_the_storm, okawaru_gym_becter,
          minmay_misc_feat_plants
D:4:      layout_rooms, amcnicky_altar_gilded, nicolae_dithmenos_the_darkroom,
          minmay_temple_entry_tees, uniq_sigmund
D:5:      layout_rooms, tso_metal_star, mainiacjoe_overflow_catwalk,
          nicolae_overflow_hidden_temple, hangedman_decor_slide_cut

Skill      XL: |  1  2  3  4  5  6  7 |
---------------+----------------------+-----
Staves         | 3 4 |  4.2
Spellcasting   | 1 2 |  2.4
Conjurations   | 1 2 |  2.4
Hexes          | 1 2 |  2.4
Summonings     | 1 2 |  2.4
Necromancy     | 1 2 |  2.4
Translocations | 1 2 |  2.4
Transmutations | 1 2 |  2.4
Fire Magic     | 1 2 |  2.4
Ice Magic      | 1 2 |  2.4
Air Magic      | 1 2 |  2.4
Earth Magic    | 1 2 |  2.4
Poison Magic   | 1 2 |  2.4
Dodging        | 4 5 |  5.1
Fighting       | 3 4 |  4.0
Throwing       | |  1.5

Action                     |  1- 3 |  4- 6 |  7- 9 || total
---------------------------+-------+-------+-------++-------
  Melee: Quarterstaff      |   106 |   159 |    19 ||   284
         Spear             |       |       |    25 ||    25
   Cast: Scorch            |       |    10 |     4 ||    14
    Use: Scroll            |       |       |     1 ||     1
   Stab: Distracted        |       |     1 |       ||     1
 Armour: Leather armour    |    15 |       |       ||    15
         Ring mail         |    70 |    88 |    32 ||   190
  Dodge: Dodged            |    78 |    89 |    29 ||   196

Table legend: (Time is in decaauts)
 A = Elapsed time spent in this place.
 B = Non-inter-level travel time spent in this place.
 C = Inter-level travel time spent in this place.
 D = Time resting spent in this place.
 E = Time spent auto-exploring this place.
 F = Levels seen in this place.
 G = Mean time per level.
                   A        B        C        D        E       F      G
               +--------+--------+--------+--------+--------+-----+--------+
         Total |   3915 |   3776 |    139 |    568 |   2445 |   5 |  783.0 |
       Dungeon |   3915 |   3776 |    139 |    568 |   2445 |   5 |  783.0 |
               +--------+--------+--------+--------+--------+-----+--------+

Top non-repeatable levels by time:
     D:3: 1140 daAuts
     D:2: 816 daAuts
     D:4: 778 daAuts
     D:1: 754 daAuts
     D:5: 425 daAuts
